Map: Oxide LE

Players

DPGZest (Zest) - Winner!

  • Race: Protoss Protoss

Serral

  • Race: Zerg Zerg

Event: TSL 7

VOD

Have the link to the VOD?

Description

Time

  • Played on: June 13, 2021, 2:31 p.m.
  • Length: 9:30

All games in this series

Show
View Real Time Build Order
Export as new Build Order

DPGZest Protoss - Winner!

Build Orders: 1 Gate Expand, Colossus Rush 

Get SALT Encoding   

  12  0:00  Probe  
  13  0:12  Probe  
  14  0:19  Pylon  
  14  0:24  Probe  
  15  0:37  Probe (Chrono Boost)  
  15  0:40  Gateway  
  16  0:47  Probe (Chrono Boost)  
  16  0:49  Assimilator  
  17  0:52  Probe (Chrono Boost)  
  18  1:03  Probe  
  19  1:15  Probe  
  20  1:25  Nexus  
  20  1:34  Cybernetics Core  
  20  1:38  Probe  
  21  1:44  Assimilator  
  21  1:50  Probe  
  21  1:52  Pylon  
  22  2:02  Probe  
  23  2:10  Stalker  
  23  2:11  Warp Gate  
  23  2:14  Probe (Chrono Boost)  
  26  2:25  Probe (Chrono Boost)  
  26  2:26  Robotics Facility  
  27  2:31  Probe (Chrono Boost)  
  28  2:38  Probe (Chrono Boost)  
  28  2:42  Adept  
  32  2:46  Probe (Chrono Boost)  
  32  2:47  Probe (Chrono Boost)  
  33  2:52  Probe x2 (Chrono Boost)  
  35  3:04  Probe x2  
  37  3:07  Gateway  
  37  3:15  Robotics Bay  
  37  3:16  Warp Prism  
  37  3:19  Probe  
  40  3:22  Probe  
  40  3:25  Pylon  
  41  3:31  Probe  
  41  3:34  Probe  
  43  3:42  Pylon  
  43  3:43  Probe  
  43  3:46  Probe  
  45  3:55  Probe  
  45  3:57  Assimilator  
  45  3:58  Probe  
  45  4:00  Assimilator  
  45  4:01  Disruptor (Chrono Boost)  
  47  4:05  Gravitic Drive  
  47  4:08  Probe, Pylon  
  51  4:10  Probe  
  51  4:14  Adept x2  
  56  4:20  Probe  
  56  4:22  Probe  
  56  4:23  Pylon  
  58  4:27  Disruptor (Chrono Boost)  
  61  4:39  Gateway  
  61  4:40  Gateway, Pylon  
  61  4:53  Colossus (Chrono Boost)  
  61  4:56  Gateway  
  61  4:58  Gateway  
  67  5:02  Gateway x2  
  67  5:08  Sentry x2  
  67  5:11  Pylon  
  67  5:12  Pylon  
  71  5:33  Sentry x2  
  71  5:34  Zealot x2  
  79  5:37  Observer (Chrono Boost), Pylon  
  79  5:39  Pylon  
  80  5:45  Pylon  
  80  5:57  Sentry x2  
  80  5:58  Zealot, Stalker x2  
  80  5:59  Zealot  
  92  6:04  Pylon  
  92  6:06  Pylon  
  92  6:21  Stalker x5  
  92  6:22  Zealot x2  
  106  6:40  Observer  
  106  6:54  Stalker  
  106  6:55  Stalker x6  
  106  6:56  Zealot  
  95  7:25  Stalker x7  
  95  7:26  Zealot  
  87  7:56  Stalker x6  
  87  7:57  Stalker  
  99  8:14  Sentry  
  99  8:17  Zealot x4, Sentry  
  111  8:29  Zealot x2  
  111  8:30  Zealot  
  117  8:45  Zealot x2, Sentry x3  
Show
View Real Time Build Order
Export as new Build Order

Serral Zerg 

Build Orders: Hatch First 

Get SALT Encoding   

  12  0:00  Drone  
  13  0:12  Overlord  
  13  0:17  Drone  
  14  0:30  Drone x2  
  16  0:47  Drone  
  17  0:53  Hatchery  
  17  0:56  Drone  
  17  0:59  Drone  
  18  1:10  Extractor  
  17  1:14  Spawning Pool  
  17  1:17  Drone  
  17  1:20  Drone  
  18  1:28  Drone  
  19  1:38  Drone  
  20  1:49  Overlord  
  20  2:01  Queen  
  22  2:04  Queen  
  22  2:05  Zergling x4  
  26  2:11  Drone  
  26  2:12  Metabolic Boost  
  28  2:15  Drone  
  28  2:21  Drone  
  29  2:26  Drone  
  30  2:36  Queen  
  32  2:44  Hatchery  
  32  2:45  Drone  
  32  2:48  Drone  
  33  2:52  Overlord  
  33  2:55  Drone  
  34  2:59  Drone  
  34  3:02  Drone  
  36  3:08  Overlord  
  36  3:12  Drone  
  39  3:14  Drone  
  39  3:15  Drone  
  39  3:16  Drone  
  39  3:17  Queen  
  42  3:20  Drone  
  42  3:22  Drone  
  42  3:26  Drone  
  45  3:32  Queen  
  47  3:34  Overlord  
  47  3:37  Drone  
  47  3:38  Drone  
  47  3:40  Drone  
  50  3:46  Drone, Roach Warren  
  50  3:47  Drone  
  51  3:50  Drone  
  52  3:55  Overlord  
  52  3:58  Zergling x6  
  52  4:01  Zergling x4  
  57  4:05  Overlord  
  57  4:07  Zergling x2  
  58  4:12  Overlord  
  58  4:13  Zergling x2  
  58  4:16  Overlord  
  59  4:18  Zergling x4  
  59  4:19  Zergling x2  
  59  4:23  Drone x3  
  64  4:29  Queen  
  64  4:30  Overlord  
  66  4:34  Drone x2  
  66  4:35  Drone  
  69  4:40  Lair  
  69  4:43  Drone x3  
  69  4:44  Drone  
  73  4:47  Extractor  
  73  4:48  Extractor  
  73  4:49  Drone x2  
  73  4:52  Overlord  
  73  4:54  Overlord  
  73  5:03  Roach  
  73  5:04  Roach x4  
  73  5:05  Drone  
  84  5:10  Evolution Chamber  
  83  5:18  Roach x2  
  83  5:19  Overlord  
  83  5:21  Drone x4  
  89  5:24  Drone  
  89  5:28  Drone x3  
  95  5:29  Drone  
  95  5:33  Roach  
  98  5:36  Overlord  
  98  5:40  Roach x2  
  102  5:44  Glial Reconstitution  
  102  5:45  Extractor  
  102  5:47  Roach x2  
  104  5:54  Zergling x8  
  108  5:59  Queen x2, Ravager x2  
  108  6:04  Overlord  
  114  6:06  Zergling x6  
  114  6:07  Zergling x2  
  114  6:11  Zergling x8  
  119  6:13  Ravager  
  119  6:17  Overlord  
  121  6:18  Overlord  
  121  6:22  Roach  
  121  6:23  Ravager x2  
  123  6:26  Zergling x6, Roach  
  128  6:35  Queen x2  
  128  6:36  Zergling x8, Ravager  
  128  6:37  Zergling x4  
  139  6:46  Ravager x3  
  136  6:49  Zergling x10, Roach  
  143  6:54  Queen  
  143  6:58  Overlord  
  143  7:00  Overlord  
  138  7:11  Queen  
  138  7:14  Roach  
  138  7:15  Roach x9  
  134  7:19  Roach x2  
  134  7:21  Queen  
  126  7:25  Roach x2  
  119  7:31  Roach  
  119  7:36  Roach x2  
  105  7:49  Roach x3  
  98  7:55  Roach  
  98  7:57  Roach x2  
  92  8:00  Ravager  
  92  8:03  Zergling x4, Roach x2  
  97  8:07  Roach x2  
  97  8:08  Zergling x8  
  97  8:11  Roach  
  105  8:13  Roach  
  105  8:18  Roach  
  109  8:25  Roach x2  
  112  8:30  Ravager  
  112  8:31  Roach Warren  
  111  8:35  Zergling x2  
  111  8:36  Zergling x10  
  86  8:57  Zergling x6  
  86  8:58  Zergling x2  
Tags
 
Add a new tag
Caveats
  • Supply blocks, unpowered buildings, or Contaminate may cause inaccurate times.
  • Supply counts are checked every 10 seconds.